 Dungeon Sprint DCSS version 0.17-a0-764-gd40c196 (webtiles) character file.

9900000 namelastname112 the Grand Master (level 27, -48/246 (249) HPs)
             Began as a Demonspawn Monk on Apr 23, 2015.
             Was the Champion of Makhleb.
             Killed from afar by an observer (58 damage)
             ... with a fireball
             ... in the Dungeon (Sprint VIII: "Arena of Blood").
             The game lasted 00:03:00 (99 turns).

namelastname112 the Grand Master (Demonspawn Monk)    Turns: 99, Time: 00:03:00

HP:   -48/246 (249) AC:  8    Str: 13    XL:     27
MP:   40/54         EV: 39    Int: 13    God:    Makhleb [******]
Gold: 0             SH:  4    Dex: 26    Spells: 0 memorised, 80 levels left

rFire  . . .     SeeInvis .     i - +∞ Axe of Woe
rCold  + . .     Clarity  .     a - +0 robe
rNeg   . . .     SustAb   .     (no shield)
rPois  .         Gourm    .     (no helmet)
rElec  .         Spirit   .     (no cloak)
rCorr  .         Warding  .     (gloves unavailable)
rMut   .         NoTele   +     (no boots)
MR     ++...                    (no amulet)
Stlth  +++++++++.               (no ring)
                                (no ring)

@: very resistant to hostile enchantments, incredibly stealthy
A: claws 3, large bone plates 3, cold resistance 1, demonic guardian 3, icemail,
augmentation 3, freezing cloud immunity
a: Minor Destruction, Lesser Servant of Makhleb, Major Destruction, Greater
Servant of Makhleb, Renounce Religion


You were in the Dungeon.
You worshipped Makhleb.
Makhleb was exalted by your worship.
You were not hungry.

You visited 1 branch

Inventory:

Hand weapons
 i - the +∞ Axe of Woe (weapon)
   (You found it in the Dungeon)
Armour
 a - a +0 robe (worn)
Jewellery
 j - an uncursed ring of see invisible
Scrolls
 h - a scroll of blinking
Potions
 c - a potion of curing
 d - a potion of heal wounds
 e - a potion of haste
 f - 2 potions of magic
 g - a potion of berserk rage
Comestibles
 b - a bread ration


   Skills:
 O Level 27 Fighting
 O Level 27 Axes
 O Level 27 Throwing
 O Level 27 Armour
 O Level 27 Dodging
 O Level 27 Stealth
 O Level 27 Unarmed Combat
 O Level 27 Spellcasting
 O Level 27 Invocations


You had 80 spell levels left.
You didn't know any spells.

Dungeon Overview and Level Annotations

Branches:
Dungeon (1/1)

Altars:
Makhleb


Innate Abilities, Weirdness & Mutations

You have claws for hands.
You are completely covered in large bone plates (AC +4, SH +4).
Your flesh is cold resistant.
A powerful demonic guardian rushes to your aid.
A meltable icy envelope protects you from harm (AC +0).
Your magical and physical power is greatly enhanced at high health.
You are immune to freezing clouds.


Message History

Press: ? - help, Shift-Dir - straight line You feel somewhat more hungry.
You hear a shout! x4
You feel something staring at you.
A fireball appears from out of thin air!
The fireball explodes!
The fireball engulfs you!
* * * LOW HITPOINT WARNING * * *
The fireball engulfs something.
You hear a shout! x3
Your green death gestures at something.
The bolt of poison hits something.
You hear a shout!
A meat berserker comes into view. It is wielding a +9 battleaxe.
Unknown command.
You feel something staring at you. @player_only@ A fireball appears from out of thin air!
The fireball explodes!
The fireball engulfs your green death.
Your green death dies!
The fireball engulfs you!
You die...

#################
####%...)§.)).1....##
###.....%%))).@........
#...§.....)##)##O#####..
...................
....####%%.†.##.##...
#...).).....%.O.....
oO..#))).......#%#....
..#)§§).%....... .
#...#%M))......%..
#.....%#.)))...W.....


You could see a meat berserker (berserk) and a friendly Executioner.

Vanquished Creatures
  A hell beast (D)
  5 greater mummies (D)
  A great orb of eyes (D)
  3 wraiths (D)
  15 vampire knights (D)
  22 ogres (D)
  4 hydras (D)
  62 orcs (D)
  5 hill giants (D)
  2 skeletal warriors (D)
  A soul eater (D)
  5 large abominations (D)
  A small abomination (D)
  4 crawling corpses (D)
131 creatures vanquished.

Vanquished Creatures (collateral kills)
  An orc (D)
  A reaper (D)
2 creatures vanquished.

Vanquished Creatures (others)
  An orc (D)
  An Executioner (D)
  A balrug (D)
  2 cacodemons (D)
  A reaper (D)
  A green death (D)
  An iron imp (D)
  2 crawling corpses (D)
10 creatures vanquished.

Grand Total: 143 creatures vanquished

Notes
Turn   | Place    | Note
--------------------------------------------------------------
     0 | D        | namelastname112, the Demonspawn Monk, began the quest for the Orb.
     0 | D        | Reached XP level 1. HP: 18/18 MP: 1/1
     3 | D        | Noticed a bag of meat
     4 | D        | Noticed a bag of meat
     4 | D        | Became a worshipper of Makhleb the Destroyer
     4 | D        | Acquired Makhleb's first power
     4 | D        | Acquired Makhleb's second power
     5 | D        | Noticed a bag of meat
     6 | D        | Noticed a bag of meat
     6 | D        | Noticed a bag of meat
     6 | D        | Noticed a bag of meat
     9 | D        | Noticed a bag of meat
     9 | D        | Noticed a bag of meat
     9 | D        | Noticed a bag of meat
     9 | D        | Noticed a bag of meat
    10 | D        | Noticed a bag of meat
    10 | D        | Noticed a bag of meat
    10 | D        | Noticed a bag of meat
    11 | D        | Noticed a bag of meat
    11 | D        | Noticed a bag of meat
    11 | D        | Noticed a meat berserker
    12 | D        | Noticed a bag of meat
    12 | D        | Noticed a bag of meat
    12 | D        | Noticed a bag of meat
    12 | D        | Noticed a bag of meat
    13 | D        | Noticed a bag of meat
    13 | D        | Noticed a bag of meat
    13 | D        | Noticed a bag of meat
    13 | D        | Noticed a meat berserker
    13 | D        | Killed a bag of meat
    13 | D        | Reached skill level 13 in Fighting
    13 | D        | Reached skill level 5 in Stealth
    13 | D        | Reached skill level 19 in Unarmed Combat
    13 | D        | Gained mutation: Your flesh is cold resistant. [demonic ancestry]
    13 | D        | Reached XP level 2. HP: 21/41 MP: 2/2
    13 | D        | Gained mutation: A weak demonic guardian rushes to your aid. [demonic ancestry]
    13 | D        | Reached XP level 3. HP: 24/47 MP: 3/3
    13 | D        | Gained mutation: You are immune to freezing clouds. [demonic ancestry]
    13 | D        | Reached XP level 4. HP: 27/54 MP: 4/4
    13 | D        | Reached XP level 5. HP: 30/60 MP: 5/5
    13 | D        | Gained mutation: You have sharp fingernails. [demonic ancestry]
    13 | D        | Reached XP level 6. HP: 33/67 MP: 6/6
    13 | D        | Reached XP level 7. HP: 35/73 MP: 7/7
    13 | D        | Gained mutation: You have very sharp fingernails. [demonic ancestry]
    13 | D        | Reached XP level 8. HP: 38/80 MP: 8/8
    13 | D        | Gained mutation: You have claws for hands. [demonic ancestry]
    13 | D        | Reached XP level 9. HP: 40/86 MP: 9/9
    13 | D        | Reached XP level 10. HP: 43/93 MP: 10/10
    13 | D        | Gained mutation: You are partially covered in large bone plates (AC +2, SH +2). [demonic ancestry]
    13 | D        | Reached XP level 11. HP: 45/99 MP: 11/11
    13 | D        | Killed a bag of meat
    13 | D        | Reached skill level 15 in Fighting
    13 | D        | Reached skill level 21 in Unarmed Combat
    13 | D        | Gained mutation: You are mostly covered in large bone plates (AC +3, SH +3). [demonic ancestry]
    13 | D        | Reached XP level 12. HP: 81/111 MP: 12/12
    14 | D        | Noticed a large bag of meat
    14 | D        | Noticed a bag of meat
    14 | D        | Noticed a bag of meat
    14 | D        | Noticed a bag of meat
    14 | D        | Killed a bag of meat
    14 | D        | Acquired Makhleb's third power
    14 | D        | Reached skill level 15 in Dodging
    14 | D        | Reached skill level 23 in Unarmed Combat
    14 | D        | Gained mutation: You are completely covered in large bone plates (AC +4, SH +4). [demonic ancestry]
    14 | D        | Reached XP level 13. HP: 51/120 MP: 13/13
    14 | D        | Killed a bag of meat
    14 | D        | Reached skill level 24 in Unarmed Combat
    14 | D        | Gained mutation: Your magical and physical power is slightly enhanced at high health. [demonic ancestry]
    14 | D        | Reached XP level 14. HP: 54/131 MP: 14/14
    14 | D        | Killed a bag of meat
    14 | D        | Acquired Makhleb's fourth power
    14 | D        | Reached skill level 5 in Axes
    14 | D        | Reached skill level 25 in Unarmed Combat
    14 | D        | Killed a meat berserker
    14 | D        | Reached skill level 27 in Unarmed Combat
    14 | D        | Reached XP level 15. HP: 139/146 MP: 15/15
    15 | D        | Noticed a bag of meat
    15 | D        | Noticed a bag of meat
    15 | D        | Noticed a bag of meat
    15 | D        | Noticed a bag of meat
    15 | D        | Killed a bag of meat
    15 | D        | Killed a bag of meat
    15 | D        | Acquired Makhleb's fifth power
    15 | D        | Reached skill level 10 in Stealth
    15 | D        | Gained mutation: A demonic guardian rushes to your aid. [demonic ancestry]
    15 | D        | Reached XP level 16. HP: 155/160 MP: 16/16
    15 | D        | Killed a bag of meat
    16 | D        | Noticed a bag of meat
    16 | D        | Noticed a bag of meat
    16 | D        | Noticed a bag of meat
    16 | D        | Noticed a bag of meat
    16 | D        | Noticed a bag of meat
    16 | D        | Noticed a meat berserker
    16 | D        | Noticed a meat berserker
    16 | D        | Noticed a bag of meat
    16 | D        | Noticed a meat berserker
    16 | D        | Killed a meat berserker
    16 | D        | Reached skill level 27 in Fighting
    16 | D        | Gained mutation: Your magical and physical power is enhanced at high health. [demonic ancestry]
    16 | D        | Reached XP level 17. HP: 170/174 MP: 17/17
    16 | D        | Killed a meat berserker
    16 | D        | Reached skill level 27 in Dodging
    16 | D        | Killed a bag of meat
    16 | D        | Killed a bag of meat
    16 | D        | Reached skill level 15 in Stealth
    16 | D        | Gained mutation: A powerful demonic guardian rushes to your aid. [demonic ancestry]
    16 | D        | Reached XP level 18. HP: 182/182 MP: 18/18
    17 | D        | Killed a bag of meat
    17 | D        | Killed a bag of meat
    17 | D        | Killed a bag of meat
    17 | D        | Reached skill level 27 in Axes
    17 | D        | Killed a bag of meat
    17 | D        | Reached XP level 19. HP: 189/189 MP: 19/19
    18 | D        | Noticed a bag of meat
    18 | D        | Noticed a bag of meat
    18 | D        | Killed a bag of meat
    18 | D        | Killed a bag of meat
    18 | D        | Reached skill level 27 in Stealth
    18 | D        | Killed a meat berserker
    18 | D        | Killed a bag of meat
    18 | D        | Reached skill level 15 in Invocations
    19 | D        | Noticed a bag of meat
    19 | D        | Noticed a bag of meat
    19 | D        | Killed a bag of meat
    19 | D        | Reached XP level 20. HP: 197/197 MP: 19/37
    20 | D        | Killed a bag of meat
    20 | D        | Killed a bag of meat
    20 | D        | Reached skill level 15 in Throwing
    20 | D        | Reached skill level 15 in Armour
    20 | D        | Reached skill level 15 in Spellcasting
    20 | D        | Killed a meat berserker
    20 | D        | Killed a bag of meat
    20 | D        | Reached XP level 21. HP: 204/204 MP: 19/43
    21 | D        | Noticed a bag of meat
    21 | D        | Killed a bag of meat
    22 | D        | Noticed a bag of meat
    22 | D        | Killed a bag of meat
    22 | D        | Killed a large bag of meat
    22 | D        | Reached skill level 27 in Invocations
    22 | D        | Killed a bag of meat
    23 | D        | Killed a bag of meat
    23 | D        | Killed a bag of meat
    23 | D        | Killed a bag of meat
    23 | D        | Reached XP level 22. HP: 212/212 MP: 19/50
    24 | D        | Noticed a destroyer
    24 | D        | Killed a bag of meat
    25 | D        | Noticed a bag of meat
    25 | D        | Noticed a meat berserker
    25 | D        | Killed a bag of meat
    25 | D        | Killed a bag of meat
    25 | D        | Killed a bag of meat
    25 | D        | Reached skill level 27 in Throwing
    26 | D        | Noticed a meat berserker
    26 | D        | Killed a bag of meat
    26 | D        | Reached skill level 27 in Armour
    26 | D        | Reached skill level 27 in Spellcasting
    26 | D        | Killed a bag of meat
    27 | D        | Noticed a destroyer
    27 | D        | Noticed a large bag of meat
    27 | D        | Noticed a destroyer
    27 | D        | Noticed a destroyer
    27 | D        | Noticed a large bag of meat
    27 | D        | Noticed a bag of meat
    27 | D        | Noticed a bag of meat
    27 | D        | Noticed a meat berserker
    28 | D        | Noticed an eight-headed meat hydra
    28 | D        | Noticed a bag of meat
    28 | D        | Noticed a bag of meat
    28 | D        | Noticed a bag of meat
    28 | D        | Killed a bag of meat
    28 | D        | Killed a bag of meat
    28 | D        | Reached XP level 23. HP: 219/219 MP: 21/54
    29 | D        | Noticed a bag of meat
    29 | D        | Killed a bag of meat
    29 | D        | Killed a large bag of meat
    30 | D        | Noticed a bag of meat
    31 | D        | Killed a destroyer
    31 | D        | Killed a bag of meat
    31 | D        | Killed a meat berserker
    31 | D        | Killed a bag of meat
    31 | D        | Killed a bag of meat
    32 | D        | Killed a destroyer
    32 | D        | Reached XP level 24. HP: 227/227 MP: 22/54
    32 | D        | Killed a meat berserker
    33 | D        | Killed a meat berserker
    33 | D        | Killed a bag of meat
    33 | D        | Killed a destroyer
    34 | D        | Killed a bag of meat
    34 | D        | Killed a large bag of meat
    35 | D        | Noticed a meat berserker
    35 | D        | Noticed a meat berserker
    36 | D        | Noticed a destroyer
    37 | D        | Noticed a sculptor of flesh
    37 | D        | Noticed a meat berserker
    37 | D        | Killed a bag of meat
    37 | D        | Killed a bag of meat
    37 | D        | Gained mutation: A meltable icy envelope protects you from harm (AC +0). [demonic ancestry]
    37 | D        | Reached XP level 25. HP: 234/234 MP: 23/54
    38 | D        | Noticed an eight-headed meat hydra
    38 | D        | Noticed a destroyer
    38 | D        | Noticed a meat berserker
    38 | D        | Killed a destroyer
    38 | D        | Killed a bag of meat
    39 | D        | Noticed a destroyer
    39 | D        | Killed a bag of meat
    39 | D        | Killed a bag of meat
    40 | D        | Noticed a destroyer
    40 | D        | Killed a bag of meat
    41 | D        | Noticed a bag of meat
    41 | D        | Killed a meat berserker
    41 | D        | Killed a meat berserker
    42 | D        | Noticed a large bag of meat
    42 | D        | Noticed a destroyer
    42 | D        | Noticed a bag of meat
    42 | D        | Noticed a bag of meat
    42 | D        | Noticed a bag of meat
    42 | D        | Killed a nine-headed meat hydra
    42 | D        | Killed a meat berserker
    43 | D        | Noticed a meat berserker
    43 | D        | Noticed a bag of meat
    43 | D        | Noticed a sculptor of flesh
    43 | D        | Killed a destroyer
    43 | D        | Killed a bag of meat
    43 | D        | Noticed a bag of meat
    44 | D        | Noticed a destroyer
    44 | D        | Noticed a destroyer
    45 | D        | Killed a sculptor of flesh
    45 | D        | Gained mutation: Your magical and physical power is greatly enhanced at high health. [demonic ancestry]
    45 | D        | Reached XP level 26. HP: 142/242 MP: 25/54
    45 | D        | Killed a meat berserker
    45 | D        | Killed a bag of meat
    46 | D        | Killed a destroyer
    47 | D        | Noticed a bag of meat
    47 | D        | Noticed a destroyer
    47 | D        | Killed a bag of meat
    47 | D        | Killed a destroyer
    48 | D        | Noticed a bag of meat
    48 | D        | Noticed a bag of meat
    49 | D        | Noticed a meat berserker
    49 | D        | Killed a destroyer
    49 | D        | Reached XP level 27. HP: 249/249 MP: 26/54
    50 | D        | Noticed a meat berserker
    50 | D        | Killed a bag of meat
    50 | D        | Killed a nine-headed meat hydra
    50 | D        | Killed a meat berserker
    51 | D        | Killed a bag of meat
    52 | D        | Killed a bag of meat
    52 | D        | Killed a destroyer
    52 | D        | Killed a sculptor of flesh
    52 | D        | Killed a destroyer
    53 | D        | Noticed a bag of meat
    53 | D        | Killed a large bag of meat
    53 | D        | Killed a bag of meat
    54 | D        | Noticed a meat berserker
    54 | D        | Killed a bag of meat
    55 | D        | Killed a meat berserker
    56 | D        | Noticed a destroyer
    56 | D        | Noticed an accursed
    56 | D        | Killed a bag of meat
    57 | D        | Noticed an accursed
    57 | D        | Killed a meat berserker
    57 | D        | Killed a bag of meat
    58 | D        | Noticed an accursed
    58 | D        | Killed a meat berserker
    59 | D        | Noticed a destroyer
    59 | D        | Killed a bag of meat
    61 | D        | Noticed an accursed
    61 | D        | Killed a destroyer
    61 | D        | Killed a destroyer
    61 | D        | Killed a bag of meat
    63 | D        | Noticed a bag of meat
    63 | D        | Noticed a bag of meat
    64 | D        | Noticed a large bag of meat
    64 | D        | Noticed a meat berserker
    64 | D        | Noticed a meat berserker
    64 | D        | Noticed a meat berserker
    64 | D        | Killed a destroyer
    64 | D        | Killed a destroyer
    65 | D        | Noticed a bag of meat
    66 | D        | Noticed an accursed
    66 | D        | Noticed a dread
    66 | D        | Noticed a dread
    66 | D        | Noticed a meat berserker
    67 | D        | Killed a dread
    70 | D        | Killed a meat berserker
    72 | D        | Noticed a meat berserker
    72 | D        | Noticed a bag of meat
    73 | D        | Killed a meat berserker
    73 | D        | Killed an accursed
    75 | D        | Killed a meat berserker
    75 | D        | Killed an accursed
    76 | D        | Killed a large bag of meat
    77 | D        | Noticed a destroyer
    77 | D        | Noticed a bag of meat
    77 | D        | Killed a meat berserker
    78 | D        | Noticed a meat berserker
    78 | D        | Killed a bag of meat
    79 | D        | Noticed a dread
    80 | D        | Killed a destroyer
    82 | D        | Killed a bag of meat
    82 | D        | Killed a meat berserker
    83 | D        | Killed a meat berserker
    85 | D        | Killed a bag of meat
    86 | D        | Killed a dread
    87 | D        | Noticed a meat beast
    88 | D        | Killed an accursed
    88 | D        | Killed a bag of meat
    89 | D        | Killed an accursed
    90 | D        | Killed an accursed
    92 | D        | Killed a meat beast
    93 | D        | Killed a dread
    93 | D        | Killed an observer
    96 | D        | Noticed a bag of meat
    97 | D        | Killed a bag of meat
    98 | D        | HP: 9/246 [something/fireball (35)]
    99 | D        | Noticed a meat berserker
    99 | D        | Killed from afar by an observer

Action                   |  1- 3 |  4- 6 |  7- 9 | 10-12 | 13-15 | 16-18 | 19-21 | 22-24 | 25-27 || total
-------------------------+-------+-------+-------+-------+-------+-------+-------+-------+-------++-------
Melee: Executioner's axe |     1 |       |       |     1 |     1 |     2 |     6 |    10 |    40 ||    61
Invok: Major Destruction |       |       |       |       |       |       |       |       |     4 ||     4
       Greater Servant o |       |       |       |       |       |       |       |       |     1 ||     1
